[Event "Titled Tuesday Blitz February 14 Late 2023"]
[White "Cuenca Jimenez, Jose Fernando"]
[Black "Remolar Gallen, Jose"]
[WhiteFideId "2255570"]
[BlackFideId "2215187"]
[WhiteElo "2535"]
[BlackElo "2285"]
[Result "0-1"]
[Round "04"]
[TimeControl "180+2"]
[Date "2023.02.14"]
[WhiteClock "0:00:33"]
[BlackClock "0:00:09"]

1. c4 Nf6 2. Nc3 g6 3. e4 d6 4. d4 Bg7 5. h3 O-O 6. Be3 Na6 7. g4 e5 8. d5 Nc5 9. f3 Ne8 10. b4 Na6 11. a3 Bh6 12. Bxh6 Qh4+ 13. Kd2 Qxh6+ 14. Kc2 c5 15. b5 Nac7 16. h4 f5 17. g5 Qh5 18. Be2 f4 19. Bf1 h6 20. gxh6 Nf6 21. Bh3 Qxh6 22. Bxc8 Raxc8 23. Qf1 Nh5 24. Nce2 Ng3 25. Rh2 Nxf1 26. Rxf1 a6 27. b6 Na8 28. Rb1 Rf7 29. a4 a5 30. Nc3 Qf8 31. Kd3 Qd8 32. Nh3 Qxh4 33. Rbh1 Rh7 34. Nd1 Kg7 35. Ndf2 Rch8 36. Rg2 Qg3 37. Rhg1 Qxf3+ 38. Kc2 Rxh3 39. Rxg6+ Kf8 40. Nxh3 Qxe4+ 41. Kb2 Qd4+ 42. Kb1 Qd3+ 43. Ka1 Qc3+ 44. Kb1 Qb3+ 45. Ka1 Qxa4+ 46. Kb1 Qb3+ 47. Ka1 Nxb6 48. Ng5 Qa3+ 49. Kb1 Qd3+ 50. Ka1 Qxg6 51. Ne6+ Kf7 52. Rb1 Qxb1+ 53. Kxb1 Nxc4 54. Ng5+ Kg6 55. Ne4 Ne3 56. Kb2 Nxd5 57. Kb3 f3 58. Kc4 Rh4 59. Kxd5 Rxe4 60. Kxd6 f2 61. Kc7 f1=Q 0-1


[Site "https://www.chess.com"]

[Event "Titled Tuesday Blitz February 14 Late 2023"]
[White "Jovic, Stanoje"]
[Black "Cruz, Jonathan"]
[WhiteFideId "905020"]
[BlackFideId "3802124"]
[WhiteElo "2075"]
[BlackElo "2328"]
[Result "1-0"]
[Round "04"]
[TimeControl "180+2"]
[Date "2023.02.14"]
[WhiteClock "0:00:40"]
[BlackClock "0:00:01"]

1. c4 e5 2. g3 Nc6 3. Bg2 g6 4. Nc3 Bg7 5. Nf3 d6 6. d3 f5 7. O-O Nf6 8. Rb1 a5 9. a3 O-O 10. b4 axb4 11. axb4 h6 12. b5 Ne7 13. Qb3 Kh7 14. Bd2 Be6 15. Ra1 Qd7 16. Ra4 Rxa4 17. Qxa4 e4 18. Nd4 Bf7 19. Qa7 Ng4 20. h3 Nc8 21. Qxb7 Nxf2 22. Nc6 f4 23. Nxe4 Nxh3+ 24. Kh2 fxg3+ 25. Nxg3 Ng5 26. Bxg5 hxg5 27. Ne4 Kh6 28. Rh1 Bb2 29. Kg1+ Kg7 30. Nxg5 Qg4 31. Rh7+ Kg8 32. Rxf7 Rxf7 33. Nxf7 Kxf7 34. Qxc7+ Kf8 35. Qd8+ Kg7 36. b6 Bd4+ 37. Nxd4 Qxd4+ 38. Kf1 Nxb6 39. Qe7+ Kh6 40. Be4 Na4 41. Qe6 Qg7 42. Qxd6 1-0


[Site "https://www.chess.com"]

[Event "Titled Tuesday Blitz February 14 Late 2023"]
[White "Sanchez, Sebastian Felipe"]
[Black "Slade, Theodore"]
[WhiteFideId "4403304"]
[BlackFideId "426547"]
[WhiteElo "2427"]
[BlackElo "1995"]
[Result "1-0"]
[Round "04"]
[TimeControl "180+2"]
[Date "2023.02.14"]
[WhiteClock "0:00:55"]
[BlackClock "0:00:07"]

1. d4 d5 2. c4 e6 3. Nf3 Nf6 4. g3 Be7 5. Bg2 O-O 6. O-O dxc4 7. Na3 Bxa3 8. bxa3 Bd7 9. a4 Bc6 10. Ba3 Re8 11. Qc2 Bd5 12. Rfe1 Ne4 13. Ne5 f5 14. Nxc4 Nd7 15. Rad1 Nb6 16. Ne5 a5 17. Rc1 c6 18. Rb1 Rb8 19. f3 Nf6 20. e4 fxe4 21. fxe4 Bxe4 22. Bxe4 Qxd4+ 23. Kh1 Qxa4 24. Rxb6 Qxa3 25. Bg2 Nd5 26. Rb3 Qd6 27. Nc4 Qc5 28. Be4 Nf6 29. Nb6 Qxc2 30. Bxc2 Nd5 31. Nc4 a4 32. Rf3 b5 33. Ne5 c5 34. a3 Ra8 35. Be4 b4 36. Nd3 Rec8 37. axb4 cxb4 38. Bxd5 exd5 39. Nxb4 Ra5 40. Ra1 Rca8 41. Rd3 Rb5 42. Rd4 Raa5 43. Ra3 h6 44. Kg2 Kf7 45. Kf3 Ke6 46. Kf4 Rc5 47. Nd3 Rc4 48. Ke3 Rxd4 49. Kxd4 Kd6 50. Nb2 Rb5 51. Nxa4 Rb4+ 52. Kc3 Rb1 53. Ra2 Rh1 54. Kd3 Ke5 55. Nc3 Rb1 56. Nxb1 d4 57. Nd2 Kd5 58. Ra5+ 1-0


[Site "https://www.chess.com"]

[Event "Titled Tuesday Blitz February 14 Late 2023"]
[White "Drnovsek, Gal"]
[Black "Thomforde-Toates, Noah"]
[WhiteFideId "14607077"]
[BlackFideId "30951992"]
[WhiteElo "2397"]
[BlackElo "2124"]
[Result "1-0"]
[Round "04"]
[TimeControl "180+2"]
[Date "2023.02.14"]
[WhiteClock "0:00:16"]
[BlackClock "0:00:11"]

1. e4 c5 2. c3 d5 3. exd5 Qxd5 4. d4 Nc6 5. Nf3 Bg4 6. Be2 e6 7. h3 Bh5 8. c4 Qd7 9. d5 Bxf3 10. Bxf3 Nd4 11. Be3 e5 12. O-O Bd6 13. b4 Ne7 14. Bxd4 exd4 15. bxc5 Bxc5 16. Nd2 Rc8 17. Nb3 Bb6 18. Rc1 O-O 19. c5 Bd8 20. Qxd4 a5 21. Rfd1 a4 22. c6 bxc6 23. Qxa4 Bb6 24. dxc6 Qc7 25. Nd4 Ra8 26. Qb3 Qa7 27. Nb5 Qxa2 28. Qxa2 Rxa2 29. c7 Rxf2 30. Kh1 g6 31. Bb7 Kg7 32. c8=Q Nxc8 33. Rxc8 Rxc8 34. Bxc8 Rb2 35. Nd6 Rc2 36. Bb7 f5 37. Bf3 Kf6 38. Nb5 Kg5 39. Nd4 Ra2 40. Ne2 h5 41. Rb1 Bc7 42. g3 h4 43. gxh4+ Kxh4 44. Kg2 Kg5 45. Rb4 Bd6 46. h4+ Kf6 47. Rb6 Ke5 48. Rb7 Ra4 49. Rh7 Bc7 50. Rxc7 Rxh4 51. Rg7 Kf6 52. Rg8 Ra4 53. Ng3 Ra2+ 54. Kh3 Ra3 55. Bd5 f4 56. Kg4 Rxg3+ 57. Kxf4 Ra3 58. Be4 g5+ 59. Rxg5 Ra4 60. Rg6+ Kf7 61. Rb6 Ra1 62. Ke5 Re1 63. Rb7+ Kf8 64. Ra7 Ke8 65. Ra4 Kd8 66. Kd6 Ke8 67. Bd5 Kf8 68. Rg4 Rg1 69. Rxg1 Ke8 70. Rg8# 1-0


[Site "https://www.chess.com"]

[Event "Titled Tuesday Blitz February 14 Late 2023"]
[White "Kielinkei"]
[Black "Barbosa, Evandro Amorim"]
[BlackFideId "2115824"]
[WhiteElo "2399"]
[BlackElo "2491"]
[Result "1-0"]
[Round "04"]
[TimeControl "180+2"]
[Date "2023.02.14"]
[WhiteClock "0:01:04"]
[BlackClock "0:01:48"]

1. d4 Nf6 2. c4 e6 3. g3 c5 4. d5 exd5 5. cxd5 d6 6. Bg2 g6 7. Nf3 Bg7 8. O-O O-O 9. Nc3 a6 10. a4 Nbd7 11. Bf4 Qe7 12. Qc2 h6 13. e4 Ng4 14. h3 Nge5 15. Nxe5 Nxe5 16. Be3 Rb8 17. b3 g5 18. Rae1 g4 19. hxg4 Nxg4 20. Bf4 b5 21. axb5 axb5 22. Nd1 b4 23. Ne3 Nxe3 24. Rxe3 Ba6 25. Rfe1 c4 26. e5 c3 27. exd6 Qd7 28. Re7 Qb5 29. Qf5 1-0


[Site "https://www.chess.com"]

[Event "Titled Tuesday Blitz February 14 Late 2023"]
[White "Jimenez Garcia, Emmanuel"]
[Black "Katz, Alexander"]
[WhiteFideId "6504779"]
[BlackFideId "2039796"]
[WhiteElo "2410"]
[BlackElo "2470"]
[Result "1/2-1/2"]
[Round "04"]
[TimeControl "180+2"]
[Date "2023.02.14"]
[WhiteClock "0:00:09"]
[BlackClock "0:00:12"]

1. b3 e5 2. Bb2 Nc6 3. e3 d5 4. Bb5 Bd6 5. Nf3 Qe7 6. c4 dxc4 7. bxc4 Bd7 8. O-O Nf6 9. Bxc6 Bxc6 10. c5 Bxc5 11. Nxe5 Bb5 12. Re1 O-O 13. d4 Bb4 14. Nc3 Ba6 15. a3 Bd6 16. f4 c5 17. Ne2 Rfd8 18. Ng3 g6 19. Qf3 Rac8 20. f5 b6 21. Ng4 Nxg4 22. Qxg4 c4 23. Bc3 Bb7 24. e4 Bxg3 25. hxg3 h5 26. Qf4 Kh7 27. d5 a5 28. fxg6+ fxg6 29. Rf1 Rf8 30. Qe3 Rxf1+ 31. Rxf1 Rf8 32. Rxf8 Qxf8 33. Qxb6 Bc8 34. Qc7+ Kh6 35. Bd2+ g5 36. Qxc4 Bd7 37. Qc7 Be8 38. Qc6+ Bg6 39. Qc1 Qf6 40. Be3 Qe5 41. Qd2 Bxe4 42. d6 Bc6 43. d7 Bxd7 44. Bxg5+ Qxg5 45. Qxd7 Qxg3 46. Qc6+ Kg7 47. Qb7+ Kg8 48. Qa8+ Kg7 49. Qxa5 Qe3+ 50. Kf1 Qc1+ 51. Qe1 Qxa3 52. Qe5+ Kg6 53. Qe4+ Kg7 54. Qe5+ Kg6 55. Qe4+ Kh6 56. Qf4+ Kg6 57. Kf2 Qb2+ 58. Kf3 Qc3+ 59. Qe3 Qc6+ 60. Qe4+ Qxe4+ 61. Kxe4 Kg5 62. Kf3 Kf5 63. Kg3 Kg5 64. Kh3 h4 65. g3 hxg3 66. Kxg3 1/2-1/2


[Site "https://www.chess.com"]

[Event "Titled Tuesday Blitz February 14 Late 2023"]
[White "Fan_Of_Chucky"]
[Black "Han, Yichen"]
[BlackFideId "1054430"]
[WhiteElo "2398"]
[BlackElo "2413"]
[Result "1-0"]
[Round "04"]
[TimeControl "180+2"]
[Date "2023.02.14"]
[WhiteClock "0:00:02"]
[BlackClock "0:00:04"]

1. d4 g6 2. c4 Bg7 3. Nf3 c6 4. g3 d5 5. Bg2 Nf6 6. O-O O-O 7. cxd5 cxd5 8. Ne5 Bf5 9. Nc3 Nc6 10. Nxc6 bxc6 11. Na4 Nd7 12. b3 Rb8 13. Bb2 e6 14. Rc1 Qc7 15. f3 e5 16. dxe5 Nxe5 17. f4 Ng4 18. Bxg7 Kxg7 19. Qxd5 Qe7 20. Qd4+ Kg8 21. h3 Rbd8 22. Qc5 Qe3+ 23. Qxe3 Nxe3 24. Rfe1 Rd2 25. g4 Be6 26. Bxc6 h5 27. Kf2 Nc2 28. Rcd1 Rfd8 29. Rxd2 Rxd2 30. Rc1 hxg4 31. hxg4 Bxg4 32. Bb5 Bf5 33. Nc3 Nb4 34. a4 Rb2 35. Bc4 Kg7 36. Kf3 Nc2 37. Nb5 a6 38. Nd6 Nd4+ 39. Ke3 Nxb3 40. Rc3 Na5 41. Nxf5+ gxf5 42. Bxa6 Nb3 43. Bb5 Kf6 44. Rc6+ Ke7 45. Rc7+ Kf6 46. Bc4 Na5 47. Rxf7+ Kg6 48. Rc7 Rb4 49. Bb5 Rb3+ 50. Kf2 Rb4 51. Ra7 Nb3 52. Ra6+ Kg7 53. Bd3 Rxf4+ 54. Kg3 Rg4+ 55. Kh3 Rf4 56. Ra7+ Kf6 57. Kg3 Rg4+ 58. Kf3 Rb4 59. Ra6+ Kg5 60. Ra8 Nd4+ 61. Kf2 Ne6 62. Rg8+ Kf6 63. Ra8 Rf4+ 64. Ke3 Rb4 65. Ra6 Ke5 66. Kd2 Nd4 67. Ra5+ Kf6 68. e3 Nb3+ 69. Kc3 Rb8 70. Rb5 Rxb5 71. Bxb5 Nc5 72. Kd4 Nb7 73. Bc6 Na5 74. Bf3 Ke6 75. Bd5+ Kd6 76. Bf7 Nb3+ 77. Bxb3 Kc6 78. Bc2 f4 79. exf4 1-0


[Site "https://www.chess.com"]

[Event "Titled Tuesday Blitz February 14 Late 2023"]
[White "Abdyzhaparov, Aidar"]
[Black "Domingo Nunez, Ruben"]
[WhiteFideId "13800361"]
[BlackFideId "22245570"]
[WhiteElo "1978"]
[BlackElo "2416"]
[Result "0-1"]
[Round "04"]
[TimeControl "180+2"]
[Date "2023.02.14"]
[WhiteClock "0:00:22"]
[BlackClock "0:01:18"]

1. Nf3 g6 2. c4 Bg7 3. Nc3 d6 4. e4 Nd7 5. d4 e5 6. d5 a5 7. Be3 Nc5 8. Nd2 Bh6 9. Bxh6 Nxh6 10. h4 Ng4 11. h5 Qf6 12. Qf3 Qg5 13. hxg6 fxg6 14. Qg3 Qf4 15. Qxf4 exf4 16. Be2 Ne5 17. Rb1 Bd7 18. Nf3 Nxf3+ 19. Bxf3 Nd3+ 20. Kf1 Ne5 21. Be2 Ke7 22. f3 h5 23. Kf2 g5 24. a3 g4 25. Rh4 Ng6 26. Rbh1 Nxh4 27. Rxh4 Kf6 28. e5+ Kxe5 29. Ne4 Bf5 30. Rh1 g3+ 31. Ke1 h4 32. Ng5 Kf6 33. Ne4+ Bxe4 34. fxe4 h3 35. gxh3 Rag8 36. Bf3 g2 37. Rg1 Rxh3 38. Kf2 Rh1 39. Rxh1 gxh1=Q 40. Bxh1 Ke5 41. b4 axb4 42. axb4 Ra8 43. c5 Ra2+ 44. Kf3 Ra3+ 45. Ke2 Re3+ 46. Kd2 Rxe4 47. Bxe4 Kxe4 48. c6 b5 0-1


[Site "https://www.chess.com"]

[Event "Titled Tuesday Blitz February 14 Late 2023"]
[White "Fiorito, Joaquin"]
[Black "Fajdetic, Hrvoje"]
[WhiteFideId "180173"]
[BlackFideId "14501945"]
[WhiteElo "2405"]
[BlackElo "2151"]
[Result "1-0"]
[Round "04"]
[TimeControl "180+2"]
[Date "2023.02.14"]
[WhiteClock "0:00:13"]
[BlackClock "0:00:01"]

1. d4 e6 2. Nc3 d5 3. Bf4 a6 4. e3 c5 5. Nf3 Nc6 6. dxc5 Bxc5 7. Bd3 Nf6 8. O-O O-O 9. e4 dxe4 10. Nxe4 Nxe4 11. Bxe4 Qb6 12. Qc1 e5 13. Bg3 f6 14. Bd5+ Kh8 15. c3 Ne7 16. Bc4 Be6 17. Bxe6 Qxe6 18. Qc2 Rad8 19. Rfe1 Qg4 20. Kh1 Qg6 21. Qb3 b5 22. a4 Rb8 23. axb5 axb5 24. Rad1 Nf5 25. Qd5 Nxg3+ 26. fxg3 Rfc8 27. Re2 b4 28. Rxe5 bxc3 29. bxc3 Bf8 30. Ree1 Qc2 31. Rc1 Qf2 32. Nh4 Rxc3 33. Rcd1 Rbc8 34. Qh5 Kg8 35. Qd5+ Kh8 36. Qh5 Kg8 37. Nf3 Re3 38. Rf1 Qe2 39. Qd5+ Kh8 40. Rde1 Qd3 41. Qh5 Rxe1 42. Rxe1 Qg6 43. Qd5 1-0


[Site "https://www.chess.com"]

[Event "Titled Tuesday Blitz February 14 Late 2023"]
[White "Hartikainen, Jarmo"]
[Black "Vlassov, Nikolai"]
[WhiteFideId "503134"]
[BlackFideId "4103360"]
[WhiteElo "2108"]
[BlackElo "2283"]
[Result "1-0"]
[Round "04"]
[TimeControl "180+2"]
[Date "2023.02.14"]
[WhiteClock "0:02:06"]
[BlackClock "0:01:53"]

1. e4 Nc6 2. Nf3 d5 3. exd5 Qxd5 4. Nc3 Qa5 5. Bb5 Bd7 6. O-O a6 7. Be2 Bg4 8. d4 O-O-O 9. Be3 Nf6 10. a3 Bxf3 11. Bxf3 Nxd4 12. Bxd4 e5 13. Bg4+ Nxg4 14. Qxg4+ Kb8 15. Be3 g6 16. b4 1-0


[Site "https://www.chess.com"]

[Event "Titled Tuesday Blitz February 14 Late 2023"]
[White "Sliwicki, Damian"]
[Black "Svane, Rasmus"]
[WhiteFideId "1127128"]
[BlackFideId "4657101"]
[WhiteElo "2158"]
[BlackElo "2623"]
[Result "0-1"]
[Round "04"]
[TimeControl "180+2"]
[Date "2023.02.14"]
[WhiteClock "0:00:03"]
[BlackClock "0:01:12"]

1. e4 c6 2. Nc3 d5 3. Nf3 dxe4 4. Nxe4 Nf6 5. Qe2 Nxe4 6. Qxe4 Qa5 7. Bc4 Bf5 8. Qf4 e6 9. O-O Be7 10. b4 Qxb4 11. d3 O-O 12. Qg3 Bd6 13. Qh4 Nd7 14. Bd2 Qb6 15. Nd4 Bg6 16. Nxe6 fxe6 17. Bxe6+ Rf7 18. Kh1 Nf8 19. Rab1 Qc7 20. Bb3 Kh8 21. Bxf7 Qxf7 22. f4 Bf5 23. Bc3 Ng6 24. Qh5 Qd7 25. Rf3 Bg4 26. Qg5 Bxf3 27. f5 Bf4 28. Bxg7+ Qxg7 0-1


[Site "https://www.chess.com"]

[Event "Titled Tuesday Blitz February 14 Late 2023"]
[White "Fiorito, Francisco"]
[Black "Predke, Alexandr"]
[WhiteFideId "180165"]
[BlackFideId "24107581"]
[WhiteElo "2305"]
[BlackElo "2685"]
[Result "0-1"]
[Round "04"]
[TimeControl "180+2"]
[Date "2023.02.14"]
[WhiteClock "0:01:06"]
[BlackClock "0:01:17"]

1. d4 Nf6 2. Nc3 d5 3. Bf4 c6 4. e3 g6 5. Be2 Bg7 6. h4 h5 7. Nf3 Bg4 8. Ne5 Bxe2 9. Qxe2 Nbd7 10. O-O-O Qa5 11. Kb1 Nxe5 12. Bxe5 b5 13. Rdg1 b4 14. Nd1 O-O 15. f3 Rab8 16. g4 hxg4 17. fxg4 Ne4 18. Ka1 Bxe5 19. dxe5 Rb6 20. h5 g5 21. Qd3 Ra6 22. a3 bxa3 23. b3 Qb5 24. Qd4 Qe2 25. Qd3 Qxd3 26. cxd3 Nc5 27. d4 Nxb3+ 28. Ka2 Nc1+ 29. Ka1 a2 30. Nc3 Nb3+ 31. Kb2 a1=Q+ 32. Rxa1 Nxa1 33. Rxa1 Rb8+ 0-1


[Site "https://www.chess.com"]

[Event "Titled Tuesday Blitz February 14 Late 2023"]
[White "Jeet, Jain"]
[Black "Gharibyan, Mamikon"]
[WhiteFideId "5073022"]
[BlackFideId "13308300"]
[WhiteElo "2199"]
[BlackElo "2500"]
[Result "0-1"]
[Round "04"]
[TimeControl "180+2"]
[Date "2023.02.14"]
[WhiteClock "0:00:50"]
[BlackClock "0:01:18"]

1. Nf3 g6 2. g3 Bg7 3. Bg2 e5 4. O-O e4 5. Ne1 Nf6 6. d3 exd3 7. cxd3 O-O 8. Nc3 d5 9. Nf3 Re8 10. h3 d4 11. Nb1 c5 12. Nbd2 Nc6 13. Nb3 Qe7 14. Re1 Be6 15. Qc2 b6 16. Nbd2 h6 17. a3 Rac8 18. Rb1 Qd7 19. Kh2 Ba2 20. Ra1 Bd5 21. Rb1 Re7 22. Qd1 a5 23. a4 Rce8 24. b3 Nb4 25. Nc4 Qd8 26. Rb2 Ba8 27. Bf4 Nfd5 28. Bd2 Nc3 29. Bxc3 dxc3 30. Rc2 Bxf3 31. Bxf3 Nxd3 32. Rf1 Nb4 33. Qxd8 Rxd8 34. Rcc1 c2 35. Nxb6 Bb2 36. e4 Bxc1 37. Rxc1 Rd3 38. Kg2 Rxb3 39. Nd5 Nxd5 40. exd5 Rc3 41. h4 h5 42. g4 hxg4 43. Bxg4 Re4 44. Bf3 Rxa4 45. h5 gxh5 0-1


[Site "https://www.chess.com"]

[Event "Titled Tuesday Blitz February 14 Late 2023"]
[White "Kravtsiv, Martyn"]
[Black "Novikov, Evgenij"]
[WhiteFideId "14113147"]
[BlackFideId "4125380"]
[WhiteElo "2598"]
[BlackElo "2276"]
[Result "1-0"]
[Round "04"]
[TimeControl "180+2"]
[Date "2023.02.14"]
[WhiteClock "0:01:07"]
[BlackClock "0:00:06"]

1. d4 d5 2. Nc3 Nf6 3. Bf4 a6 4. Qd2 b5 5. f3 Bb7 6. g4 h6 7. h4 Nbd7 8. e3 e6 9. Nge2 Bd6 10. Bg2 Qe7 11. a4 b4 12. Nd1 a5 13. Nf2 e5 14. dxe5 Bxe5 15. O-O-O Nb6 16. b3 O-O-O 17. Nd4 g6 18. Nd3 Bxf4 19. exf4 Nfd7 20. Rde1 Qd6 21. Nb5 Qf6 22. Kb1 Rhe8 23. g5 Qg7 24. Bh3 Kb8 25. f5 hxg5 26. Qxg5 Rg8 27. Re7 Nc8 28. Rxd7 Rxd7 29. f6 Qf8 30. Bxd7 Nb6 31. Qe5 Qd8 32. Bg4 Re8 33. Qd4 c6 34. Qf4+ Ka8 35. Nc7+ 1-0


[Site "https://www.chess.com"]

[Event "Titled Tuesday Blitz February 14 Late 2023"]
[White "Santos Flores, Alberto"]
[Black "Mikaelyan, Arman"]
[WhiteFideId "3601234"]
[BlackFideId "13304852"]
[WhiteElo "2164"]
[BlackElo "2523"]
[Result "0-1"]
[Round "04"]
[TimeControl "180+2"]
[Date "2023.02.14"]
[WhiteClock "0:00:01"]
[BlackClock "0:00:23"]

1. e4 a6 2. d4 b5 3. Nf3 Bb7 4. Bd3 e6 5. O-O d6 6. Qe2 Nd7 7. a4 b4 8. Nbd2 g6 9. e5 Bg7 10. Re1 dxe5 11. Nxe5 Nxe5 12. dxe5 Ne7 13. Nf3 O-O 14. Bg5 h6 15. Bh4 g5 16. Nxg5 hxg5 17. Bxg5 Qd5 18. f3 Ng6 19. Be4 Qxe5 20. Bxb7 Qxg5 21. Bxa8 Nf4 22. Qf1 Rxa8 23. g3 Bxb2 24. Rad1 Kg7 25. Kh1 Ng6 26. f4 Qf5 27. Qd3 Qxd3 28. Rxd3 c5 29. Rd7 Nf8 30. Rc7 Bd4 31. a5 Rb8 32. Rc6 Ra8 33. Rc7 Kf6 34. Kg2 Ng6 35. Kf3 Ne7 36. Rb7 Nc6 37. g4 Nxa5 38. g5+ Kg6 39. Rd7 Rh8 40. Kg3 Nc4 41. h4 a5 42. Kg4 Ne3+ 43. Kf3 Nf5 44. Ra7 Nxh4+ 45. Kg4 Nf5 46. Rxa5 Rh4+ 47. Kf3 Rh3+ 48. Kg2 Rg3+ 49. Kh2 Rc3 50. Re2 Be3 51. Kg2 Bxf4 0-1


[Site "https://www.chess.com"]

[Event "Titled Tuesday Blitz February 14 Late 2023"]
[White "Rustemov, Alexander"]
[Black "Toncheva, Nadya"]
[WhiteFideId "4119002"]
[BlackFideId "2924056"]
[WhiteElo "2525"]
[BlackElo "2295"]
[Result "0-1"]
[Round "04"]
[TimeControl "180+2"]
[Date "2023.02.14"]
[WhiteClock "0:00:29"]
[BlackClock "0:00:04"]

1. d4 d5 2. c4 dxc4 3. Nf3 Nf6 4. e3 Bg4 5. Bxc4 e6 6. h3 Bh5 7. g4 Bg6 8. Ne5 Nbd7 9. Nxg6 hxg6 10. Nc3 c5 11. Bf1 Be7 12. Bg2 Qc7 13. O-O Rd8 14. Qf3 b6 15. Rd1 O-O 16. Nb5 Qb8 17. Qb7 Qxb7 18. Bxb7 cxd4 19. exd4 a5 20. Be3 Nd5 21. Bxd5 exd5 22. Rac1 Rc8 23. a4 Nf6 24. f3 Rfd8 25. Kf2 Ne8 26. Bf4 Bf6 27. Ke3 g5 28. Bg3 g6 29. Kd3 Ng7 30. Bc7 Rd7 31. Bxb6 Rxc1 32. Rxc1 Ne6 33. Rc8+ Kg7 34. Bc7 Re7 35. Be5 Nf4+ 36. Kc3 Bxe5 37. dxe5 Rxe5 38. Kd4 Re2 39. b3 Rd2+ 40. Ke5 Rd3 41. Nd4 Re3+ 42. Kd6 Rd3 43. Nc6 Rxf3 44. Nxa5 d4 45. Kc5 Rc3+ 46. Nc4 d3 47. Kb4 d2 48. Rd8 Rd3 49. Nxd2 Rxd8 50. Nc4 Nd3+ 51. Kc3 Nc5 52. a5 Rb8 53. b4 Ne4+ 54. Kb3 Nc5+ 55. Ka3 Nd7 56. Ka4 Kf8 57. b5 Ke7 58. b6 Kd8 59. Kb5 Kc8 60. a6 Nxb6 61. Nxb6+ Kc7 62. a7 Rxb6+ 63. Ka5 Rb1 64. a8=N+ Kb7 0-1


[Site "https://www.chess.com"]

[Event "Titled Tuesday Blitz February 14 Late 2023"]
[White "Krishnan, Varun"]
[Black "Maksimovic, Bojan"]
[WhiteFideId "5054508"]
[BlackFideId "14408120"]
[WhiteElo "2341"]
[BlackElo "2486"]
[Result "1-0"]
[Round "04"]
[TimeControl "180+2"]
[Date "2023.02.14"]
[WhiteClock "0:00:05"]
[BlackClock "0:00:59"]

1. e4 g6 2. d4 Nf6 3. e5 Nh5 4. Nf3 d6 5. Bc4 Nc6 6. O-O dxe5 7. dxe5 Qxd1 8. Rxd1 Bg4 9. e6 fxe6 10. Nc3 Bg7 11. h3 Bxf3 12. gxf3 Bxc3 13. bxc3 Kf7 14. Rd7 Ne5 15. Rxc7 Rac8 16. Rxc8 Rxc8 17. Be2 Rxc3 18. f4 Rxc2 19. Bd1 Rc8 20. fxe5 Ng7 21. Be3 b6 22. Rc1 Rd8 23. Bc2 Rd5 24. f4 Ra5 25. Bb3 Nf5 26. Kf2 g5 27. Rc6 Ng7 28. Kf3 Rb5 29. Rc7 gxf4 30. Bxf4 Nf5 31. Ke4 a5 32. Rc6 Rb4+ 33. Rc4 Rb5 34. Rc6 Rb4+ 35. Rc4 Rb5 36. Kf3 Rd5 37. Rc3 Rd8 38. Bg5 Rg8 39. h4 h6 40. Bf4 Nxh4+ 41. Ke4 Nf5 42. Rc6 Ng7 43. Bxh6 Rb8 44. Bxg7 Kxg7 45. Rxe6 b5 46. Rxe7+ Kg6 47. Re6+ Kg5 48. Re7 a4 49. Bd5 b4 50. Rg7+ Kh6 51. Rg1 b3 52. axb3 axb3 53. Rb1 b2 54. e6 Kg6 55. Kd3 Kf6 56. Kc3 Ke5 57. Bc4 Rh8 58. Rxb2 Kd6 59. Rd2+ Ke7 60. Rd7+ Kf6 61. Rf7+ Kg6 62. Rf2 Rh4 63. Kb4 Re4 64. Kc5 Re1 65. Bd5 Kg5 66. Kd6 Re2 67. Rxe2 1-0


[Site "https://www.chess.com"]

[Event "Titled Tuesday Blitz February 14 Late 2023"]
[White "Pulpan, Jakub"]
[Black "Pein, Jonathan"]
[WhiteFideId "302759"]
[BlackFideId "417092"]
[WhiteElo "2427"]
[BlackElo "2265"]
[Result "1-0"]
[Round "04"]
[TimeControl "180+2"]
[Date "2023.02.14"]
[WhiteClock "0:01:26"]
[BlackClock "0:01:07"]

1. d4 g6 2. Nc3 Bg7 3. Bg5 c5 4. d5 Qb6 5. Qc1 d6 6. e4 Na6 7. Bb5+ Kf8 8. Nge2 Nc7 9. Bd3 h5 10. O-O a6 11. a4 Ne8 12. a5 Qc7 13. f4 h4 14. f5 gxf5 15. exf5 Ngf6 16. Nf4 Ng4 17. Ra4 Bd7 18. Ne6+ Bxe6 19. fxe6 Nef6 20. Rxg4 Nxg4 21. Rxf7+ Kg8 22. Bxe7 c4 23. Rxg7+ Kxg7 24. Qg5# 1-0


[Site "https://www.chess.com"]

[Event "Titled Tuesday Blitz February 14 Late 2023"]
[White "Oro, Faustino"]
[Black "Pasti, Aron"]
[WhiteFideId "20000197"]
[BlackFideId "785857"]
[WhiteElo "2269"]
[BlackElo "2361"]
[Result "1-0"]
[Round "04"]
[TimeControl "180+2"]
[Date "2023.02.14"]
[WhiteClock "0:00:07"]
[BlackClock "0:00:02"]

1. e4 c5 2. Nf3 e6 3. d4 cxd4 4. Nxd4 Nc6 5. c4 Qc7 6. Nc3 a6 7. Be3 Nf6 8. f3 Bb4 9. Nxc6 bxc6 10. Qc2 O-O 11. Be2 d5 12. exd5 cxd5 13. O-O dxc4 14. Bf2 Bb7 15. Rad1 Nd5 16. Ne4 Rac8 17. Rc1 Nf4 18. Bxc4 Bd5 19. b3 Bxc4 20. bxc4 Ba3 21. Rcd1 Qxc4 22. Qd2 Ne2+ 23. Kh1 Nc3 24. Nxc3 Qxc3 25. Qg5 h6 26. Qg4 Rc4 27. Bd4 Rxd4 28. Qxd4 Qc2 29. Qd3 Qa4 30. Rb1 Be7 31. Qb3 Qa5 32. Rfc1 Rd8 33. Rd1 Rc8 34. Rbc1 Rxc1 35. Rxc1 Bf6 36. Qd3 g6 37. Qe2 h5 38. g3 Qa3 39. Rd1 h4 40. Kg2 a5 41. Qc2 h3+ 42. Kxh3 Qxf3 43. Qd3 Qf2 44. Rd2 Qc5 45. Qf3 Kg7 46. Kg2 Bd4 47. Qd3 Qc6+ 48. Kh3 Bf6 49. Re2 Qc1 50. Qf3 Qh6+ 51. Kg2 Qg5 52. Rf2 Qe5 53. Qf4 Qa1 54. g4 g5 55. Qf3 Qd4 56. h4 gxh4 57. g5 Bxg5 58. Qxf7+ Kh6 59. Qxe6+ Kh5 60. Qe2+ Qg4+ 61. Qxg4+ Kxg4 62. Rc2 Be7 63. Rc4+ Kh5 64. Kh3 Kg6 65. Rc6+ Kf5 66. Ra6 Bb4 67. Kxh4 Ke4 68. Rc6 Kd4 69. Kg4 Bc5 70. Kf3 Kc4 71. Ke4 Kb5 72. Kd5 Bb4 73. Rc4 Ka4 74. Re4 Ka3 75. Re2 Bc3 76. Kc4 Bb2 77. Kb5 a4 78. Ka5 Bc3+ 79. Kb5 Bb2 80. Rc2 Kxa2 81. Kxa4 Kb1 82. Kb3 Bd4 83. Rd2 1-0


[Site "https://www.chess.com"]

[Event "Titled Tuesday Blitz February 14 Late 2023"]
[White "Bujisho, Benjamin"]
[Black "Mikhalsky, Vladimir"]
[WhiteFideId "608610"]
[BlackFideId "14144352"]
[WhiteElo "2338"]
[BlackElo "2219"]
[Result "1-0"]
[Round "04"]
[TimeControl "180+2"]
[Date "2023.02.14"]
[WhiteClock "0:00:17"]
[BlackClock "0:00:03"]

1. d4 Nf6 2. c4 g6 3. Nc3 Bg7 4. h4 d5 5. h5 Nxh5 6. cxd5 c6 7. dxc6 Nxc6 8. e3 Nf6 9. Nf3 O-O 10. Be2 a6 11. O-O Qc7 12. b3 Nxd4 13. Qxd4 Ng4 14. Nd5 Qd6 15. Qxg7+ Kxg7 16. Bb2+ f6 17. Rfd1 Ne5 18. Nxe5 fxe5 19. f4 Qc5 20. Bxe5+ Kf7 21. Rac1 Qa5 22. Rc7 Re8 23. a4 Be6 24. Bc4 Rac8 25. Rxb7 Rxc4 26. bxc4 Bxd5 27. cxd5 Qxa4 28. Rd3 Qe4 29. Rbb3 Rd8 30. Rd4 Qc2 31. Rbd3 Qb1+ 32. Kh2 Rd7 33. e4 Qb5 34. Rf3 a5 35. f5 g5 36. f6 exf6 37. Rxf6+ Ke8 38. Rd2 Rf7 39. Re6+ Kd7 40. Rc2 Qd3 41. Rd6+ Ke7 42. Rc7+ Ke8 43. Re6+ Kd8 44. Rxf7 Qxe4 45. Bf6+ Kc8 46. Rxe4 1-0


[Site "https://www.chess.com"]

[Event "Titled Tuesday Blitz February 14 Late 2023"]
[White "Gubajdullin, Alexei"]
[Black "Kalajzic, Ivan"]
[WhiteFideId "4141202"]
[BlackFideId "14506378"]
[WhiteElo "2285"]
[BlackElo "2062"]
[Result "1/2-1/2"]
[Round "04"]
[TimeControl "180+2"]
[Date "2023.02.14"]
[WhiteClock "0:00:19"]
[BlackClock "0:00:17"]

1. d4 Nc6 2. Nf3 d5 3. Bf4 Bg4 4. e3 e6 5. c4 Nf6 6. Nc3 Bb4 7. a3 Bxc3+ 8. bxc3 O-O 9. Rb1 b6 10. h3 Bh5 11. Qa4 Na5 12. Ne5 Ne4 13. Rc1 f6 14. Nf3 Be8 15. Qb4 c5 16. Qb1 Bg6 17. Qa2 Bf7 18. cxd5 exd5 19. Be2 c4 20. O-O Nb3 21. Rc2 a5 22. Ne1 a4 23. f3 Ng5 24. h4 Ne6 25. g3 Nxf4 26. gxf4 f5 27. Kg2 Re8 28. Kg3 Rxe3 29. Ng2 Re6 30. Bd1 Ra7 31. Re2 Rae7 32. Rfe1 Qe8 33. Rxe6 Rxe6 34. Re5 Nc1 35. Qb2 Nd3 36. Qc2 Nxe5 37. fxe5 Rg6+ 38. Kh2 b5 39. Nf4 Rh6 40. Qf2 Be6 41. Qg3 Rg6 42. Nxg6 Qxg6 43. Qxg6 hxg6 44. Kg3 Kh7 45. f4 Kh6 46. Be2 Bd7 47. Bd1 Be6 48. Be2 Bd7 49. Bf3 Be6 50. Kf2 Bf7 51. Kg3 Be6 52. Bg2 Bf7 53. Bh3 Be6 54. Bf1 Bf7 55. Be2 Be6 56. Bd1 Bf7 57. Bc2 Be6 58. Kh3 Bf7 59. Kg3 Be6 60. Bd1 Bf7 61. Bc2 1/2-1/2


[Site "https://www.chess.com"]